 Dungeon Crawl Stone Soup version 0.30.1-3-gfc49f6343a (webtiles) character file.

Game seed: 8752534538872421455

3201 Atelerd the Thaumaturge (level 9, -2/53 HPs)
             Began as an Octopode Earth Elementalist on Aug 1, 2023.
             Was a Believer of Sif Muna.
             Slain by a hornet (15 damage)
             ... on level 9 of the Dungeon.
             The game lasted 00:17:45 (6809 turns).

Atelerd the Thaumaturge (OpEE)                      Turns: 6809, Time: 00:17:46

Health: -2/53      AC:  3    Str:  7    XL:     9   Next: 96%
Magic:  12/23      EV: 13    Int: 25    God:    Sif Muna [**....]
Gold:   339        SH:  0    Dex: 12    Spells: 22/29 levels left

rFire   + . .        D - +0 rapier (freeze)
rCold   + . .        (no shield)
rNeg    . . .        n - +2 hat {Int+3}
rPois   +            (no amulet)
rElec   +            (no ring)
rCorr   +            (no ring)
SInv    .            (no ring)
Will    .....        (no ring)
Stlth   ++++         (no ring)
HPRegen 0.28/turn    (no ring)
MPRegen 0.18/turn    (no ring)
                     (no ring)

%: no passive effects
@: resistant
A: almost no armour, amphibious, 8 rings, camouflage 1, gelatinous body 1,
(nimble swimmer 1), tentacles
a: Renounce Religion, Channel Magic


You were on level 9 of the Dungeon.
You worshipped Sif Muna.
Sif Muna was pleased with you.
You visited 2 branches of the dungeon, and saw 10 of its levels.

You collected 339 gold pieces.

Inventory:

Hand Weapons
 b - a +0 short sword
 m - a +1 dagger of venom
 D - a +0 rapier of freezing (weapon)
Missiles
 h - 8 atropa-tipped darts
 y - 4 curare-tipped darts
Armour
 n - a +2 hat of intelligence (worn)
Magical Staves
 l - the staff of cold "Haafont" {rC+ Will+ Str+3}
   (You found it on level 8 of the Dungeon)

   [staff of cold]

   Base accuracy: +5 Base damage: 5 Base attack delay: 1.2 This weapon's minimum
   attack delay (0.6) is reached at skill level 12.
   Str:       It affects your strength (+3).
   rC:        It protects you from cold.
   Will:      It increases your willpower.
   It falls into the 'Staves' category.
   It is a one-tentacled weapon.
Jewellery
 z - a ring of resist corrosion
Wands
 x - a wand of paralysis (1)
 C - a wand of polymorph (6)
Scrolls
 e - 2 scrolls of immolation
 f - 2 scrolls of vulnerability
 g - 3 scrolls of poison
 r - a scroll of noise
 s - a scroll of enchant weapon
 t - a scroll of fear
 u - a scroll of amnesia
 w - 2 scrolls of enchant armour
Potions
 a - a potion of magic
 c - 5 potions of ambrosia
 d - a potion of haste {unknown}
 j - 2 potions of heal wounds {unknown}
 k - 2 potions of invisibility {unknown}
 o - a potion of curing
 p - a potion of degeneration {unknown}
 q - a potion of mutation {unknown}
 v - a potion of berserk rage {unknown}
 A - 2 potions of brilliance {unknown}
 B - 2 potions of lignification {unknown}


   Skills:
 - Level 1.0 Fighting
 - Level 1.0 Short Blades
 - Level 0.4 Throwing
 - Level 2.0 Dodging
 - Level 5.0 Stealth
 + Level 10.9 Spellcasting
 - Level 3.0 Transmutations
 - Level 6.0 Earth Magic


You had 22 spell levels left.
You knew the following spells:

 Your Spells              Type           Power      Damage    Failure   Level
a - Sandblast             Erth           86%        2d18      1%          1
c - Blink                 Tloc           26%        N/A       7%          2
p - Petrify               Tmut/Erth      36%        N/A       7%          4

Your spell library contained the following spells:

 Spells                   Type           Power      Damage    Failure   Level
 Passwall                 Tmut/Erth      30%        N/A       1%          2
 Kiss of Death            Conj/Necr      52%        2d9       4%          1
 Stone Arrow              Conj/Erth      56%        3d10      4%          3
 Ensorcelled Hibernation  Hex/Ice        26%        N/A       7%          2
 Spider Form              Tmut/Pois      21%        N/A       8%          3
 Confusing Touch          Hex            13%        N/A       14%         3
 Anguish                  Hex/Necr       6%         N/A       41%         4
 Dispel Undead            Necr           13%        3d9       41%         4
 Manifold Assault         Tloc           13%        N/A       41%         4
 Storm Form               Tmut/Air       10%        N/A       100%        7


Dungeon Overview and Level Annotations

Branches:
Dungeon (9/15)             Temple (1/1) D:5
   Lair: D:8-11         Orc: D:9-12

Altars:
Cheibriados
Dithmenos
Elyvilon
Fedhas
Gozag
Hepliaklqana
Kikubaaqudgha
Makhleb
Nemelex Xobeh
Okawaru
Qazlal
Ru
Sif Muna
Trog
Uskayaw
Vehumet
Wu Jian
Yredelemnul

Annotations:
D:4 exclusion: downstairs
D:5 exclusion: downstairs
D:7 exclusion: downstairs
D:8 Erica
Temple 2 transporters


Innate Abilities, Weirdness & Mutations

You cannot wear most types of armour.
You are amphibious.
You can wear up to eight rings at the same time.
Your skin changes colour to match your surroundings (Stealth+).
Your rubbery body absorbs attacks. (AC +1, EV +1)
((You are camouflaged when in or above water. (Stealth+)))
You have tentacles for arms and can constrict up to eight enemies at once.


Message History

The hornet is moderately wounded.
You constrict the hornet. The killer bee completely misses you.
The killer bee stings you. The killer bee barely misses you.
The killer bee stings you.
Casting: Blink (safe; 7% risk of failure)
Confirm with . or Enter, or press ? or * to list all spells.
You are still too unstable to blink.
Okay, then.
You feel protected.
You constrict the hornet.
The killer bee stops moving altogether!
The killer bee stings you but does no damage.
The killer bee barely misses you.
The helpless hornet fails to defend itself.
You puncture the hornet! You freeze the hornet.
You squeeze the hornet, but do no damage.
The hornet is heavily wounded.
You feel stable enough to blink again.
You constrict the hornet. The killer bee stings you. x2
You are poisoned.
The killer bee poisons you! The killer bee completely misses you.
The helpless hornet fails to defend itself.
You puncture the hornet! You freeze the hornet.
The hornet is severely wounded.
You constrict the hornet, but do no damage.
You feel sick. The killer bee stings you.
The killer bee stings you but does no damage.
Unknown command.
The helpless hornet fails to defend itself.
You puncture the hornet! You freeze the hornet.
You squeeze the hornet, but do no damage.
The hornet is almost dead.
You constrict the hornet.
You feel sick. The killer bee stings you! x2
* * * LOW HITPOINT WARNING * * *
Unknown command.
You feel better.
You constrict the hornet, but do no damage.
The hornet is no longer petrified.
The killer bee stings you!
* * * LOW HITPOINT WARNING * * *
The hornet stings you!
You die...

#...###..#
#.........
#!.......#
#........#
#........#
#.(......#
#.<...y..#
#.....y@.#
......#
#.....y..#
......#
#...y...[#
......#
#........#
......#
#........#
......#
#........#
......#
#........#
......#
#........#
.>...<#
#........#


You could see a hornet and 3 killer bees.

Vanquished Creatures
  An efreet (D:8)
  Sigmund (D:2)
  A wyvern (D:7)
  A steam dragon (D:7)
  A vampire mosquito (D:8)
  A water moccasin (D:7)
  3 orc warriors (D:7)
  An ogre (D:3)
  A black bear (D:7)
  2 phantoms (D:5)
  A kobold brigand (D:7)
  A gnoll sergeant (D:7)
  2 scorpions
  3 wights (D:8)
  3 howler monkeys (D:7)
  2 gnoll boudas
  4 hounds
  3 jellies
  5 orc priests
  Terence (D:2)
  2 iguanas
  Ijyb (D:4)
  6 orc wizards
  Natasha (twice) (D:2)
  7 adders
  26 gnolls
  4 white imps
  2 ufetubi
  3 dart slugs
  25 orcs
  6 ball pythons
  9 endoplasms
  A giant cockroach (D:1)
  7 goblins
  4 hobgoblins
  10 kobolds
  6 quokkas
  A frilled lizard (D:1)
  A rat (D:3)
161 creatures vanquished.

Notes
Turn   | Place    | Note
-------+----------+-------------------------------------------
     0 | D:1      | Atelerd the Octopode Earth Elementalist began the quest for
                  | the Orb.
     0 | D:1      | Reached XP level 1. HP: 11/11 MP: 3/3
   170 | D:1      | Reached XP level 2. HP: 17/17 MP: 3/5
  1148 | D:2      | Reached XP level 3. HP: 21/21 MP: 3/6
  1179 | D:2      | Noticed Terence
  1194 | D:2      | Killed Terence
  1246 | D:2      | Found a faded altar of an unknown god.
  1326 | D:2      | Reached XP level 4. HP: 27/27 MP: 5/8
  1543 | D:2      | Noticed Sigmund
  1557 | D:2      | Killed Sigmund
  1558 | D:2      | Reached skill level 3 in Spellcasting
  1558 | D:2      | Reached XP level 5. HP: 28/31 MP: 8/10
  1558 | D:2      | Reached XP level 6. HP: 32/36 MP: 8/11
  1691 | D:2      | Noticed Natasha
  1702 | D:2      | Killed Natasha
  1703 | D:2      | Reached skill level 1 in Short Blades
  1703 | D:2      | Reached skill level 5 in Earth Magic
  1933 | D:2      | Noticed Natasha
  1939 | D:2      | Killed Natasha
  2128 | D:3      | Reached skill level 1 in Fighting
  2280 | D:3      | Reached XP level 7. HP: 40/43 MP: 9/12
  2758 | D:3      | Reached skill level 4 in Spellcasting
  2959 | D:4      | Noticed Ijyb
  2964 | D:4      | Killed Ijyb
  3382 | D:4      | Learned a level 2 spell: Blink
  3387 | D:4      | Learned a level 4 spell: Petrify
  3455 | D:4      | Reached skill level 5 in Stealth
  3736 | D:5      | Entered Level 5 of the Dungeon
  3808 | D:5      | Found a stormy altar of Qazlal.
  3843 | D:5      | Found a staircase to the Ecumenical Temple.
  3857 | D:5      | Reached skill level 5 in Spellcasting
  3866 | Temple   | Entered the Ecumenical Temple
  3866 | Temple   | Found a transporter.
  3866 | Temple   | Found a transporter.
  3877 | Temple   | Found a transporter.
  3877 | Temple   | Found a transporter.
  3898 | Temple   | Became a worshipper of Sif Muna the Loreminder
  3944 | D:5      | Found a basalt altar of Yredelemnul.
  3944 | D:5      | Found an opulent altar of Gozag.
  3995 | D:5      | Reached XP level 8. HP: 48/48 MP: 13/15
  4155 | D:5      | Reached skill level 6 in Spellcasting
  4564 | D:5      | Reached * piety under Sif Muna
  4662 | D:6      | Noticed a shadow
  4760 | D:6      | Reached skill level 7 in Spellcasting
  4796 | D:6      | Found a blossoming altar of Fedhas.
  4966 | D:7      | Noticed a wyvern
  5016 | D:7      | Identified the +0 plate armour "Aduthruoq" {rC+}
  5094 | D:7      | Killed a wyvern
  5095 | D:7      | Reached skill level 8 in Spellcasting
  5095 | D:7      | Reached XP level 9. HP: 53/53 MP: 16/21
  5212 | D:7      | Reached ** piety under Sif Muna
  5240 | D:7      | Reached skill level 9 in Spellcasting
  5517 | D:7      | Reached skill level 10 in Spellcasting
  5999 | D:8      | Noticed Erica
  6433 | D:8      | Noticed an efreet
  6445 | D:8      | Killed an efreet
  6529 | D:8      | Identified the staff of cold "Haafont" {rC+ Will+ Str+3}
  6580 | D:8      | Noticed a six-headed hydra
  6580 | D:8      | Noticed a centaur warrior
  6580 | D:8      | Noticed a catoblepas
  6792 | D:9      | Noticed a hornet
  6809 | D:9      | Slain by a hornet

Illustrated notes

Levels and vault maps discovered:
D:1:      wander_arrival_fairy_ring, layout_basic
D:2:      layout_loops_ring, shapermc_ecumenical_altar_rom_forum,
          hangedman_decor_diamond_cutter, serial_bayou_pond_e,
          minmay_misc_feat_square, hangedman_abyss_or_decor_lesser_grid,
          uniq_sigmund, uniq_natasha, uniq_terence
D:3:      layout_loops_ring
D:4:      layout_basic, uniq_ijyb
D:5:      layout_loops_ring, grunt_qazlal_clouds,
          gammafunk_temple_overflow_pools, minmay_temple_entry_stoned_glass
D:6:      layout_basic, grunt_temple_overflow_order_and_chaos_1, fedhas_altar_2
D:7:      layout_loops_ring, enter_bailey_5
D:8:      minmay_the_grid_octo_tiled_squarecenter [minmay_the_grid_octo_chip,
          minmay_the_grid_octo_teeth, minmay_the_grid_octo_clover,
          minmay_the_grid_octo_checkerflower,
          minmay_the_grid_square_5x5_megaprize_diamond,
          minmay_the_grid_square_5x5_longway, minmay_the_grid_square_5x5_z,
          minmay_the_grid_square_5x5_three_walls,
          minmay_the_grid_square_5x5_minimal], layout_basic, eino_tiny_chamber,
          uniq_erica, uniq_prince_ribbit1, uniq_grum
D:9:      minmay_cornered_nines, layout_long_grid,
          nicolae_tso_swordbearing_angel, nicolae_shop_i_like_small_books_too,
          chequers_serial_rivers_small_b
Temple:   hellmonk_temple_divided_pantheon

Skill      XL: |  1  2  3  4  5  6  7  8  9 |
---------------+----------------------------+-----
Earth Magic    | 4 5 6 |  6.0
Spellcasting   | 3 5 8 10 | 10.9
Transmutations | 2 3 |  3.0
Short Blades   | 1 |  1.0
Stealth        | 3 5 |  5.0
Fighting       | 1 |  1.0
Throwing       | |  0.4
Dodging        | |  2.0

Action                     |  1- 3 |  4- 6 |  7- 9 || total
---------------------------+-------+-------+-------++-------
  Melee: Tentacles         |     2 |     6 |    29 ||    37
         Short sword       |     1 |       |       ||     1
         Dagger            |     3 |    30 |    79 ||   112
         Constrict         |     1 |     9 |    21 ||    31
         Punch             |       |     1 |     2 ||     3
         Rapier            |       |       |    13 ||    13
  Throw: Dart              |     2 |     8 |    15 ||    25
   Cast: Sandblast         |    20 |    12 |   145 ||   177
         Petrify           |       |       |    32 ||    32
         Blink             |       |       |     2 ||     2
  Evoke: Wand              |       |       |     7 ||     7
    Use: Scroll            |       |       |    11 ||    11
         Potion            |       |       |     4 ||     4
   Stab: Invisible         |       |     3 |       ||     3
         Sleeping          |       |       |     7 ||     7
         Paralysed         |       |       |     4 ||     4
         Petrified         |       |       |    41 ||    41
         Petrifying        |       |       |     1 ||     1
 Armour: Skin              |     1 |     6 |    14 ||    21
  Dodge: Dodged            |     5 |    20 |   113 ||   138
